| TOP OF THE 1ST |
|
Fargo Brewmasters batting - Pitching for Butte Copper Kings : RHP Leo Enriquez
|
|
Pitching: RHP Leo Enriquez
|
|
|
Batting: SHB Angel Escobar
|
0-0: Foul Ball, location: 2F 0-1: Ball 1-1: Foul Ball, location: 2F 1-2: Strikes out swinging
|
|
Batting: LHB Victor Fernandez
|
0-0: Called Strike 0-1: Ball 1-1: Foul Ball, location: 2F 1-2: Foul Ball, location: 2F 1-2: Ball 2-2: Foul Ball, location: 2F 2-2: Ball 3-2: Foul Ball, location: 2F 3-2: Fly out, F8 (Flyball, 8LM, EV 98.8 MPH)
|
|
Batting: RHB Forace Oxendine
|
0-0: Swinging Strike 0-1: Ball 1-1: Fly out, F9 (Flyball, 9LS, EV 88.1 MPH)
|
| Top of the 1st over - 0 runs, 0 hits, 0 errors, 0 left on base; Fargo 0 - Butte 0 |
| BOTTOM OF THE 1ST |
|
Butte Copper Kings batting - Pitching for Fargo Brewmasters : RHP Alex Maldonado
|
|
Pitching: RHP Alex Maldonado
|
|
|
Batting: SHB Pat Bone
|
0-0: Called Strike 0-1: Ball 1-1: Foul Ball, location: 2F 1-2: Ball 2-2: Strikes out swinging
|
|
Batting: RHB Jere Longenecker
|
0-0: Ball 1-0: Ball 2-0: SINGLE (Flyball, 56D, EV 92.5 MPH)
|
|
Batting: RHB Kevin Sliwinski
|
0-0: Ball 1-0: Ball 2-0: Called Strike 2-1: Reached on error, E6 (Groundball, 6S, EV 82.5 MPH) Jere Longenecker to second
|
|
Batting: RHB William Allen
|
0-0: Ball 1-0: Called Strike 1-1: Swinging Strike 1-2: 3-RUN HOME RUN (Flyball, 9D, EV 106.3 MPH), Distance : 382 ft
|
|
Batting: RHB Keith Komeiji
|
0-0: Ball 1-0: Fly out, F9 (Line Drive, 9, EV 106.3 MPH)
|
|
Batting: RHB Steve Howard
|
0-0: Called Strike 0-1: Ball 1-1: Foul Ball, location: 2F 1-2: Ball 2-2: Ball 3-2: Base on Balls
|
|
Batting: RHB Ray Thoma
|
0-0: Ball 1-0: Swinging Strike 1-1: Ball 2-1: Ground out 4-3 (Groundball, 4, EV 81.9 MPH)
|
| Bottom of the 1st over - 3 runs, 2 hits, 1 error, 1 left on base; Fargo 0 - Butte 3 |
| TOP OF THE 2ND |
|
Fargo Brewmasters batting - Pitching for Butte Copper Kings : RHP Leo Enriquez
|
|
Batting: RHB Dick E Scott
|
0-0: Ball 1-0: Ground out 4-3 (Groundball, 4S, EV 91.9 MPH)
|
|
Batting: RHB Gus Polidor
|
0-0: Ground out 6-3 (Groundball, 6, EV 85.0 MPH)
|
|
Batting: RHB Juan Picart
|
0-0: Swinging Strike 0-1: Ground out 6-3 (Groundball, 6M, EV 87.5 MPH)
|
| Top of the 2nd over - 0 runs, 0 hits, 0 errors, 0 left on base; Fargo 0 - Butte 3 |
| BOTTOM OF THE 2ND |
|
Butte Copper Kings batting - Pitching for Fargo Brewmasters : RHP Alex Maldonado
|
|
Batting: RHB Jose Matos
|
0-0: Foul Ball, location: 2F 0-1: Fly out, F7 (Line Drive, 7, EV 105.6 MPH)
|
|
Batting: RHB Kenny Clark
|
0-0: Ball 1-0: Ball 2-0: Called Strike 2-1: Ground out 5-3 (Groundball, 56S, EV 71.9 MPH)
|
|
Batting: SHB Pat Bone
|
0-0: Ball 1-0: Ball 2-0: Ground out U3 (Groundball, 3, EV 81.9 MPH)
|
| Bottom of the 2nd over - 0 runs, 0 hits, 0 errors, 0 left on base; Fargo 0 - Butte 3 |
| TOP OF THE 3RD |
|
Fargo Brewmasters batting - Pitching for Butte Copper Kings : RHP Leo Enriquez
|
|
Batting: RHB Randall Thorpe
|
0-0: Fly out, F4 (Flyball, 4D, EV 83.1 MPH)
|
|
Batting: RHB Adolph Crump
|
0-0: Called Strike 0-1: Swinging Strike 0-2: Foul Ball, location: 2F 0-2: Ball 1-2: Strikes out looking
|
|
Batting: SHB Elton Hooker
|
0-0: Called Strike 0-1: Ball 1-1: Hit by Pitch
|
|
Batting: SHB Angel Escobar
|
0-0: Fly out, F9 (Line Drive, 9D, EV 98.8 MPH)
|
| Top of the 3rd over - 0 runs, 0 hits, 0 errors, 1 left on base; Fargo 0 - Butte 3 |
| BOTTOM OF THE 3RD |
|
Butte Copper Kings batting - Pitching for Fargo Brewmasters : RHP Alex Maldonado
|
|
Batting: RHB Jere Longenecker
|
0-0: Ball 1-0: Foul Ball, location: 2F 1-1: Called Strike 1-2: Foul Ball, location: 2F 1-2: Ball 2-2: Strikes out swinging
|
|
Batting: RHB Kevin Sliwinski
|
0-0: Called Strike 0-1: Ball 1-1: Ball 2-1: Ball 3-1: Called Strike 3-2: Fly out, F9 (Flyball, 9D, EV 103.8 MPH)
|
|
Batting: RHB William Allen
|
0-0: Fly out, F9 (Flyball, 9LM, EV 91.9 MPH)
|
| Bottom of the 3rd over - 0 runs, 0 hits, 0 errors, 0 left on base; Fargo 0 - Butte 3 |
| TOP OF THE 4TH |
|
Fargo Brewmasters batting - Pitching for Butte Copper Kings : RHP Leo Enriquez
|
|
Batting: LHB Victor Fernandez
|
0-0: Ball 1-0: Ball 2-0: SINGLE (Line Drive, 7S, EV 96.9 MPH)
|
|
Batting: RHB Forace Oxendine
|
0-0: Ball 1-0: Swinging Strike 1-1: Called Strike 1-2: Strikes out swinging
|
|
Batting: RHB Dick E Scott
|
0-0: Ball 1-0: Swinging Strike 1-1: Ball Victor Fernandez steals 2nd base 2-1: Ball 3-1: Foul Ball, location: 2F 3-2: Foul Ball, location: 2F 3-2: Foul Ball, location: 2F 3-2: Foul Ball, location: 2F 3-2: Foul Ball, location: 2F 3-2: Strikes out swinging
|
|
Batting: RHB Gus Polidor
|
0-0: Ball 1-0: SINGLE (Line Drive, 7S, EV 100.0 MPH) Victor Fernandez to third Runner from 3rd tries for Home, SAFE, throw by LF to home
|
|
Batting: RHB Juan Picart
|
0-0: Ball 1-0: Fielders Choice at 2nd, 5-4 (Groundball, 56, EV 83.1 MPH)
|
| Top of the 4th over - 1 run, 2 hits, 0 errors, 1 left on base; Fargo 1 - Butte 3 |
| BOTTOM OF THE 4TH |
|
Butte Copper Kings batting - Pitching for Fargo Brewmasters : RHP Alex Maldonado
|
|
Batting: RHB Keith Komeiji
|
0-0: Ball 1-0: Swinging Strike 1-1: Ball 2-1: Foul Ball, location: 2F 2-2: DOUBLE (Line Drive, 9LM, EV 108.1 MPH)
|
|
Batting: RHB Steve Howard
|
0-0: Ball 1-0: Ball 2-0: Foul Ball, location: 2F 2-1: Swinging Strike 2-2: Hit by Pitch
|
|
Pinch Runner at 1st Larry Jackson:
|
|
|
Batting: RHB Ray Thoma
|
0-0: SINGLE (Groundball, 25, EV 60.6 MPH) (infield hit) Keith Komeiji to third Larry Jackson to second
|
|
Batting: RHB Jose Matos
|
0-0: SINGLE (Groundball, 56D, EV 101.9 MPH) Keith Komeiji scores Larry Jackson to third Ray Thoma to second Runner from 3rd tries for Home, SAFE, throw by LF to home
|
|
Batting: RHB Kenny Clark
|
0-0: Called Strike 0-1: Ball 1-1: Foul Ball, location: 2F 1-2: Foul Ball, location: 2F 1-2: Fly out, F9 (Flyball, 9LM, EV 84.4 MPH)
|
|
Batting: SHB Pat Bone
|
0-0: Fielders Choice at 2nd, 3-6 (Groundball, 3, EV 91.9 MPH) Ray Thoma to third
|
|
Batting: RHB Jere Longenecker
|
0-0: Called Strike 0-1: Fly out, F9 (Flyball, 9LM, EV 101.9 MPH)
|
| Bottom of the 4th over - 2 runs, 3 hits, 0 errors, 2 left on base; Fargo 1 - Butte 5 |
| TOP OF THE 5TH |
|
Fargo Brewmasters batting - Pitching for Butte Copper Kings : RHP Leo Enriquez
|
|
Batting: RHB Randall Thorpe
|
0-0: Ball 1-0: Swinging Strike 1-1: Ball 2-1: Ground out 5-3 (Groundball, 56S, EV 68.8 MPH)
|
|
Batting: RHB Adolph Crump
|
0-0: Ball 1-0: Fly out, F3 (Line Drive, 3, EV 66.9 MPH)
|
|
Batting: SHB Elton Hooker
|
0-0: Ball 1-0: Fly out, F6 (Flyball, 6MD, EV 81.9 MPH)
|
| Top of the 5th over - 0 runs, 0 hits, 0 errors, 0 left on base; Fargo 1 - Butte 5 |
| BOTTOM OF THE 5TH |
|
Butte Copper Kings batting - Pitching for Fargo Brewmasters : RHP Alex Maldonado
|
|
Batting: RHB Kevin Sliwinski
|
0-0: Foul Ball, location: 2F 0-1: Reached on error, E4 (Flyball, 34D, EV 84.4 MPH)
|
|
Batting: RHB William Allen
|
0-0: Swinging Strike 0-1: Swinging Strike 0-2: Ball 1-2: Ball 2-2: Strikes out swinging
|
|
Batting: RHB Keith Komeiji
|
0-0: Ball 1-0: Called Strike 1-1: Called Strike 1-2: Foul Ball, location: 2F 1-2: Strikes out swinging
|
|
Batting: LHB Larry Jackson
|
0-0: Foul Ball, location: 2F 0-1: Ball 1-1: Ground out U3 (Groundball, 3, EV 91.3 MPH)
|
| Bottom of the 5th over - 0 runs, 0 hits, 1 error, 1 left on base; Fargo 1 - Butte 5 |
| TOP OF THE 6TH |
|
Fargo Brewmasters batting - Pitching for Butte Copper Kings : RHP Leo Enriquez
|
|
Batting: SHB Angel Escobar
|
0-0: Ball 1-0: Ball 2-0: Foul Ball, location: 2F 2-1: Ball 3-1: Foul Ball, location: 2F 3-2: Strikes out looking
|
|
Batting: LHB Victor Fernandez
|
0-0: Called Strike 0-1: Foul Ball, location: 2F 0-2: Foul Ball, location: 2F 0-2: Foul Ball, location: 2F 0-2: Ball 1-2: Ball 2-2: TRIPLE (Flyball, 9LD, EV 111.9 MPH)
|
|
Batting: RHB Forace Oxendine
|
0-0: Called Strike 0-1: Foul Ball, location: 2F 0-2: Ball 1-2: Ground out 4-3 (Groundball, 4, EV 88.1 MPH) Victor Fernandez scores
|
|
Batting: RHB Dick E Scott
|
0-0: Ball 1-0: Ball 2-0: Ground out 6-3 (Groundball, 6M, EV 91.3 MPH)
|
| Top of the 6th over - 1 run, 1 hit, 0 errors, 0 left on base; Fargo 2 - Butte 5 |
| BOTTOM OF THE 6TH |
|
Butte Copper Kings batting - Pitching for Fargo Brewmasters : RHP Alex Maldonado
|
|
Batting: RHB Ray Thoma
|
0-0: Called Strike 0-1: Called Strike 0-2: Foul Ball, location: 2F 0-2: Foul Ball, location: 2F 0-2: Ball 1-2: Strikes out swinging
|
|
Batting: RHB Jose Matos
|
0-0: Fly out, F7 (Flyball, 7S, EV 85.0 MPH)
|
|
Batting: RHB Kenny Clark
|
0-0: Fly out, F5 (Popup, 5SF, EV 70.6 MPH)
|
| Bottom of the 6th over - 0 runs, 0 hits, 0 errors, 0 left on base; Fargo 2 - Butte 5 |
| TOP OF THE 7TH |
|
Fargo Brewmasters batting - Pitching for Butte Copper Kings : RHP Leo Enriquez
|
|
Batting: RHB Gus Polidor
|
0-0: Ball 1-0: Reached on error, E5 (Groundball, 56S, EV 67.5 MPH)
|
|
Batting: RHB Juan Picart
|
0-0: Swinging Strike 0-1: SINGLE (Groundball, 4MS, EV 70.0 MPH) (infield hit) Gus Polidor to second
|
|
Batting: RHB Randall Thorpe
|
0-0: Ball 1-0: Ball 2-0: Ball 3-0: Called Strike 3-1: Base on Balls Gus Polidor to third Juan Picart to second
|
|
Batting: RHB Adolph Crump
|
0-0: Called Strike 0-1: Swinging Strike 0-2: SINGLE (Groundball, 56D, EV 95.0 MPH) Gus Polidor scores Juan Picart to third Randall Thorpe to second Runner from 3rd tries for Home, throw by LF and OUT! 7-2
|
|
Pinch Hitting: LHB Bill Englehart
|
0-0: Ball 1-0: Grounds into double play, 4-6-3 (Groundball, 4, EV 103.8 MPH)
|
| Top of the 7th over - 1 run, 2 hits, 1 error, 1 left on base; Fargo 3 - Butte 5 |
| BOTTOM OF THE 7TH |
|
Butte Copper Kings batting - Pitching for Fargo Brewmasters : RHP Alex Maldonado
|
|
Now in LF: Phillip Webber
|
|
|
Batting: SHB Pat Bone
|
0-0: Foul Ball, location: 2F 0-1: Ball 1-1: Ball 2-1: Ball 3-1: Base on Balls
|
|
Batting: RHB Jere Longenecker
|
0-0: Ball 1-0: Ball 2-0: Ball 3-0: Base on Balls Pat Bone to second
|
|
Batting: RHB Kevin Sliwinski
|
0-0: Ball 1-0: Fly out, F8 (Flyball, 8RXD, EV 84.4 MPH) Runner from 2nd tags up, SAFE at 3rd, no throw by CF
|
|
Batting: RHB William Allen
|
0-0: Called Strike 0-1: Ball 1-1: Foul Ball, location: 2F 1-2: Fly out, F8 (Flyball, 8RXD, EV 104.4 MPH) Runner from 3rd tags up, SCORES, no throw by CF
|
|
Batting: RHB Keith Komeiji
|
0-0: Ball Jere Longenecker steals 2nd base 1-0: Fly out, F9 (Flyball, 9D, EV 98.8 MPH)
|
| Bottom of the 7th over - 1 run, 0 hits, 0 errors, 1 left on base; Fargo 3 - Butte 6 |
| TOP OF THE 8TH |
|
Fargo Brewmasters batting - Pitching for Butte Copper Kings : RHP Leo Enriquez
|
|
Batting: SHB Angel Escobar
|
0-0: Ball 1-0: Ball 2-0: SINGLE (Flyball, 3D, EV 90.6 MPH)
|
|
Batting: LHB Victor Fernandez
|
0-0: Ball 1-0: Called Strike 1-1: Ball 2-1: Fielders Choice at 2nd, 3-6 (Groundball, 3, EV 88.8 MPH)
|
|
Batting: RHB Forace Oxendine
|
0-0: Swinging Strike 0-1: Fly out, F8 (Flyball, 8RM, EV 87.5 MPH)
|
|
Batting: RHB Dick E Scott
|
0-0: Ball 1-0: Ground out U3 (Groundball, 34S, EV 83.8 MPH)
|
| Top of the 8th over - 0 runs, 1 hit, 0 errors, 1 left on base; Fargo 3 - Butte 6 |
| BOTTOM OF THE 8TH |
|
Butte Copper Kings batting - Pitching for Fargo Brewmasters : RHP Alex Maldonado
|
|
Pitching: RHP Dennis Miller
|
|
|
Batting: LHB Larry Jackson
|
0-0: Called Strike 0-1: Fly out, F9 (Flyball, 9S, EV 76.3 MPH)
|
|
Batting: RHB Ray Thoma
|
0-0: Called Strike 0-1: Ball 1-1: Ball 2-1: Foul Ball, location: 2F 2-2: Ball 3-2: Ground out 4-3 (Groundball, 4, EV 84.4 MPH)
|
|
Batting: RHB Jose Matos
|
0-0: Ball 1-0: Foul Ball, location: 2F 1-1: Ground out 5-3 (Groundball, 56, EV 86.9 MPH)
|
| Bottom of the 8th over - 0 runs, 0 hits, 0 errors, 0 left on base; Fargo 3 - Butte 6 |
| TOP OF THE 9TH |
|
Fargo Brewmasters batting - Pitching for Butte Copper Kings : RHP Leo Enriquez
|
|
Batting: RHB Gus Polidor
|
0-0: Ground out 6-3 (Groundball, 6, EV 79.4 MPH)
|
|
Batting: RHB Juan Picart
|
0-0: Ball 1-0: Ball 2-0: Ball 3-0: Called Strike 3-1: Base on Balls
|
|
Pitching: RHP Tony Ghelfi
|
|
|
Batting: RHB Randall Thorpe
|
0-0: Foul Ball, location: 2F 0-1: Fly out, F7 (Line Drive, 7, EV 92.5 MPH)
|
|
Batting: RHB Adolph Crump
|
0-0: Ball 1-0: Ball 2-0: Swinging Strike 2-1: Swinging Strike 2-2: Fly out, F7 (Flyball, 7LM, EV 86.3 MPH)
|
| Top of the 9th over - 0 runs, 0 hits, 0 errors, 1 left on base; Fargo 3 - Butte 6 |
|